 Dungeon Crawl Stone Soup version 0.26.1-11-gd32895ea62 (webtiles) character file.

Game seed: 1328865663093819732

66 promet the Skirmisher (level 3, -4/34 HPs)
             Began as a Minotaur Fighter on June 29, 2021.
             Slain by an orc
             ... wielding a +1 hand axe of electrocution
              (18 damage)
             ... on level 3 of the Dungeon.
             The game lasted 00:07:15 (2105 turns).

promet the Skirmisher (Minotaur Fighter)            Turns: 2105, Time: 00:07:16

Health: -4/34      AC:  8    Str: 20    XL:     3   Next: 96%
Magic:  2/2        EV:  7    Int:  6    God:
Gold:   94         SH: 11    Dex:  9    Spells: 2/2 levels left

rFire    . . .     SeeInvis .   a - +2 long sword
rCold    . . .     Faith    .   q - +2 kite shield
rNeg     . . .     Spirit   .   h - +0 scale mail
rPois    .         Reflect  .   (helmet restricted)
rElec    .         Harm     .   f - +0 cloak
rCorr    .         Rampage  .   (no gloves)
Will     .....                  (no boots)
Stlth    ..........             (no amulet)
HPRegen  0.11/turn              (no ring)
MPRegen  0.08/turn              (no ring)

@: no status effects
A: retaliatory headbutt, horns 2
a: no special abilities


You were on level 3 of the Dungeon.
You visited 1 branch of the dungeon, and saw 3 of its levels.

You collected 94 gold pieces.

Inventory:

Hand Weapons
 a - a +2 long sword (weapon)
 b - a +0 hunting sling
 l - a +0 spear
Missiles
 e - 24 arrows
 i - 4 boomerangs (quivered)
 k - 43 stones
 m - 29 bolts
 n - 21 poisoned darts
 p - 9 sling bullets
Armour
 f - a +0 cloak (worn)
 h - a +0 scale mail (worn)
 q - a +2 kite shield (worn)
Wands
 r - a wand of disintegration (13)
Scrolls
 c - 3 scrolls of teleportation
 g - 3 scrolls of magic mapping
 j - a scroll of identify
Potions
 d - a potion of might
 o - 2 potions of curing {unknown}


   Skills:
 * Level 4.5 Fighting
 + Level 3.2 Long Blades
 + Level 4.1 Armour
 + Level 0.5 Dodging
 + Level 4.1 Shields


You had 2 spell levels left.
You didn't know any spells.
Your spell library was empty.

Dungeon Overview and Level Annotations

Branches:
Dungeon (3/15)

Altars:


Innate Abilities, Weirdness & Mutations

You reflexively headbutt those who attack you in melee.
You have a pair of horns on your head.


Message History

You kill the orc!
You barely miss the orc.
A jackal comes into view.
The orc hits you but does no damage.
You are electrocuted!!
Ouch! That really hurt!
The jackal barks!
You hit the orc.
The orc is heavily wounded.
A jackal comes into view.
You block the orc's attack.
You closely miss the orc. Your headbutt misses the orc.
The orc is heavily wounded.
The orc hits you but does no damage.
A jackal comes into view.
You barely miss the orc.
The orc is heavily wounded.
The jackal barks!
The orc hits you but does no damage.
You are electrocuted!!
Ouch! That really hurt!
You die...

#########>.....##
#......##.###...#
#.........)...#.###
#......##.##..#....
#......##.##..#..##
#......##.##.......
#..........#.#.....
##.#.####..#.####.#
#@#.# #..#.......
#o#.# #..######.#
#o#.. .... #..
#h### ##...# ##.
.h. ....######.
#.... ...........
#.h... ..######.
#...... #. #....h..
#.


You could see 2 orcs and 3 jackals.

Vanquished Creatures
  2 adders (D:2)
  3 worms
  A dart slug (D:2)
  4 orcs (D:3)
  2 giant cockroaches (D:2)
  2 hobgoblins (D:1)
  4 jackals (D:2)
  4 kobolds (D:2)
  A quokka (D:3)
  A ball python (D:3)
  4 bats
  3 frilled lizards (D:2)
  2 goblins (D:2)
  A rat (D:3)
34 creatures vanquished.

Notes
Turn   | Place    | Note
-------+----------+-------------------------------------------
     0 | D:1      | promet the Minotaur Fighter began the quest for the Orb.
     0 | D:1      | Reached XP level 1. HP: 19/19 MP: 0/0
   888 | D:2      | Reached XP level 2. HP: 21/27 MP: 1/1
  1324 | D:2      | Reached XP level 3. HP: 25/33 MP: 2/2
  2105 | D:3      | Slain by an orc

Illustrated notes

Levels and vault maps discovered:
D:1:      elethiomel_arrival_infinity_welcomes_careful_drivers,
          layout_loops_cross, minmay_misc_feat_four_crosses, minivault_26
D:2:      layout_loops_ring
D:3:      layout_basic, minitemple, hex_tiny, kennysheep_generic_room_8

Skill      XL: |  1  2  3 |
---------------+----------+-----
Fighting       | 4 |  4.5
Shields        | 4 |  4.1
Armour         | 4 |  4.1
Long Blades    | 3 |  3.2
Dodging        | |  0.5

Action                   || total
-------------------------++-------
Melee: Long sword        ||    82
       Headbutt          ||     9
Throw: Boomerang         ||     7
  Use: Scroll            ||     7
       Potion            ||     1
Armor: Scale mail        ||    29
Dodge: Dodged            ||    23
Block: Kite shield       ||    48
       Rpst.: Long sword ||    11
